[Event "Titled Tuesday Blitz November 30 2021"]
[White "Mitrabha, Guha"]
[Black "Zhigalko, Sergei"]
[WhiteFideId "5057000"]
[BlackFideId "13502956"]
[WhiteElo "2334"]
[BlackElo "2662"]
[Result "0-1"]
[Round "11"]
[TimeControl "180+1"]
[Date "2021.11.30"]
[WhiteClock "0:00:10"]
[BlackClock "0:00:03"]

1. d4 Nf6 2. Bf4 e6 3. e3 d5 4. Nf3 Bd6 5. Nbd2 O-O 6. Bd3 b6 7. c3 Ba6 8. Bc2 c5 9. Ne5 Qc7 10. Qf3 cxd4 11. exd4 Nc6 12. Qe3 Ng4 13. Qh3 f5 14. Nxg4 Bxf4 15. Ne3 Nxd4 16. cxd4 Bxe3 17. Qxe3 Qxc2 18. Qb3 Rac8 19. h4 Rf7 20. Rh3 Rfc7 21. Rd1 Qc6 22. Re3 h6 23. Nf3 Qd6 24. Rc3 Rxc3 25. bxc3 Qc7 26. Kd2 Qf4+ 27. Ke1 Qe4+ 28. Kd2 Qd3+ 29. Ke1 Qe2# 0-1


[Site "https://www.chess.com"]

[Event "Titled Tuesday Blitz November 30 2021"]
[White "Nagy, Gabor"]
[Black "Gusarov, Grigory"]
[WhiteFideId "737119"]
[BlackFideId "24102172"]
[WhiteElo "2534"]
[BlackElo "2254"]
[Result "1-0"]
[Round "11"]
[TimeControl "180+1"]
[Date "2021.11.30"]
[WhiteClock "0:01:20"]
[BlackClock "0:00:48"]

1. e4 c6 2. d4 d5 3. exd5 cxd5 4. Bd3 Nc6 5. c3 Nf6 6. Bf4 Bg4 7. Qb3 Qc8 8. Nd2 e6 9. Ngf3 Be7 10. O-O O-O 11. Rfe1 a6 12. Ne5 Nxe5 13. Bxe5 Nd7 14. Bg3 Bh5 15. c4 Nb6 16. Qxb6 Bd8 17. Qb3 Ba5 18. Bf4 dxc4 19. Bxc4 Kh8 20. Be2 Bg6 21. Rac1 Qd7 22. Red1 b5 23. Nf3 f6 24. d5 e5 25. Be3 Rfd8 26. h3 Bf5 27. Nh4 Be4 28. d6 Qe8 29. Qa3 g5 30. Qxa5 gxh4 31. Rc7 Qg6 32. f3 Bf5 33. Kf1 Rg8 34. d7 Qxg2+ 35. Ke1 Qh1+ 36. Kd2 Qxh3 37. Qb6 Rg6 38. Qd6 Rd8 39. Qe7 Rxd7+ 40. Rxd7 Bxd7 41. Qf8+ Rg8 42. Qxf6+ Rg7 43. Rg1 1-0


[Site "https://www.chess.com"]

[Event "Titled Tuesday Blitz November 30 2021"]
[White "Odegov, Artem"]
[Black "Gasanov, Eldar"]
[WhiteFideId "34183644"]
[BlackFideId "14104466"]
[WhiteElo "2287"]
[BlackElo "2454"]
[Result "0-1"]
[Round "11"]
[TimeControl "180+1"]
[Date "2021.11.30"]
[WhiteClock "0:00:01"]
[BlackClock "0:00:51"]

1. d4 d6 2. Nf3 Bg4 3. c4 Nd7 4. Nc3 e5 5. dxe5 dxe5 6. Qc2 Ngf6 7. Bg5 c6 8. O-O-O Qa5 9. h3 Bh5 10. Bxf6 Bg6 11. Qb3 Nc5 12. Qa3 Nd3+ 13. exd3 Bxa3 14. Bxe5 f6 15. Bd4 O-O-O 16. Kc2 Bc5 17. Bxc5 Qxc5 18. Be2 Qxc4 19. Rd2 Rhe8 20. Re1 Rxe2 21. Rexe2 Bxd3+ 22. Kc1 Bxe2 23. Rxe2 Qd3 24. Nd2 b5 25. f3 b4 0-1


[Site "https://www.chess.com"]

[Event "Titled Tuesday Blitz November 30 2021"]
[White "Pranav, V"]
[Black "Jary, Sergey"]
[WhiteFideId "25060783"]
[BlackFideId "14110350"]
[WhiteElo "2351"]
[BlackElo "2260"]
[Result "0-1"]
[Round "11"]
[TimeControl "180+1"]
[Date "2021.11.30"]
[WhiteClock "0:00:01"]
[BlackClock "0:00:12"]

1. e4 c5 2. Nf3 Nc6 3. Bb5 Qc7 4. O-O e6 5. c3 a6 6. Bxc6 bxc6 7. d4 d5 8. Re1 Nf6 9. e5 Nd7 10. Nbd2 cxd4 11. cxd4 Be7 12. Nb3 O-O 13. Be3 h6 14. Rc1 Qb6 15. Nfd2 a5 16. Qg4 Kh7 17. a4 Bb4 18. Red1 Ba6 19. Nf1 Be7 20. Na1 Qb4 21. Ng3 Qb7 22. Nh5 Rg8 23. b3 c5 24. dxc5 Nxe5 25. Qg3 f6 26. Nf4 Qd7 27. Bd4 Nc6 28. Qg6+ Kh8 29. Bb2 Bd8 30. Nc2 Bc7 31. Qg4 Bxf4 32. Qxf4 e5 33. Qh4 Rgb8 34. Ne3 d4 35. Ng4 Qf7 36. Qg3 Bc8 37. h3 Rxb3 38. Qh4 Bxg4 39. Qxg4 Rxb2 40. Qe4 Qe6 41. Rd3 Rf8 42. Rg3 f5 43. Qh4 f4 44. Rg4 Qd5 45. Rg6 Qe4 46. Rd6 d3 47. Kh2 Nd4 48. c6 Nf5 49. Rxh6+ Nxh6 50. c7 Qb7 51. Qe7 Rc8 52. Qd7 d2 53. Rc5 Qxc7 54. Rxc7 Rxc7 55. Qd8+ Kh7 56. Qd3+ g6 57. Qd6 Rbb7 58. Qxd2 Re7 59. Qxa5 e4 60. Qe1 e3 61. fxe3 fxe3 62. a5 e2 63. a6 Ra7 64. Qh4 e1=Q 0-1


[Site "https://www.chess.com"]

[Event "Titled Tuesday Blitz November 30 2021"]
[White "Preotu, Razvan"]
[Black "Csonka, Balazs"]
[WhiteFideId "2613280"]
[BlackFideId "742910"]
[WhiteElo "2407"]
[BlackElo "2404"]
[Result "1-0"]
[Round "11"]
[TimeControl "180+1"]
[Date "2021.11.30"]
[WhiteClock "0:00:16"]
[BlackClock "0:00:02"]

1. e4 e5 2. Nf3 Nc6 3. Bc4 Bc5 4. c3 Nf6 5. d3 O-O 6. O-O d6 7. Re1 a5 8. h3 h6 9. Bb5 Bd7 10. Nbd2 a4 11. Nf1 Ra5 12. Bxa4 Ba7 13. b4 Rxa4 14. Qxa4 Bb8 15. Qd1 Nh5 16. b5 Na5 17. Nxe5 dxe5 18. Qxh5 Bxb5 19. c4 Ba4 20. Qxe5 c5 21. Qxc5 Bd6 22. Qh5 Bb4 23. Bd2 Bxd2 24. Nxd2 Nc6 25. Re3 Nd4 26. Rg3 Qf6 27. e5 Qe6 28. Ne4 Bc6 29. Re1 Nf5 30. Rg4 Kh8 31. Rf4 Ne7 32. Rf6 gxf6 33. Qxh6+ Kg8 34. Nxf6+ Qxf6 35. exf6 1-0


[Site "https://www.chess.com"]

[Event "Titled Tuesday Blitz November 30 2021"]
[White "Rasulov, Vugar"]
[Black "Yilmaz, Mustafa"]
[WhiteFideId "13402390"]
[BlackFideId "6302718"]
[WhiteElo "2560"]
[BlackElo "2518"]
[Result "0-1"]
[Round "11"]
[TimeControl "180+1"]
[Date "2021.11.30"]
[WhiteClock "0:00:03"]
[BlackClock "0:00:07"]

1. d4 Nf6 2. c4 e6 3. Nc3 Bb4 4. Bd2 c5 5. a3 Bxc3 6. Bxc3 Ne4 7. Rc1 Qh4 8. g3 Nxc3 9. bxc3 Qe7 10. Bg2 cxd4 11. cxd4 Qxa3 12. Nf3 Qa5+ 13. Nd2 d6 14. O-O O-O 15. e3 Nc6 16. Rb1 Qc7 17. Qb3 b6 18. c5 bxc5 19. dxc5 d5 20. e4 Ba6 21. exd5 Nd4 22. Qb4 Bxf1 23. d6 Qc8 24. Rxf1 e5 25. Nf3 Rb8 26. Qc4 Nc6 27. Qe4 Rb4 28. Qd5 e4 29. Ne5 Nxe5 30. Qxe5 Rc4 31. Bxe4 Re8 32. d7 Qxd7 33. c6 Rxe5 34. cxd7 Rd4 35. Rc1 g6 36. Rc8+ Kg7 37. Bc6 Rc5 38. Ba4 Rcd5 39. Rc7 Rxa4 40. Kg2 Rad4 41. Rxa7 Rxd7 0-1


[Site "https://www.chess.com"]

[Event "Titled Tuesday Blitz November 30 2021"]
[White "Sadhwani, Raunak"]
[Black "Onyshchuk, Volodymyr"]
[WhiteFideId "35093487"]
[BlackFideId "14114038"]
[WhiteElo "2517"]
[BlackElo "2603"]
[Result "1-0"]
[Round "11"]
[TimeControl "180+1"]
[Date "2021.11.30"]
[WhiteClock "0:00:35"]
[BlackClock "0:00:50"]

1. d4 d6 2. Nf3 g6 3. e4 Bg7 4. Bc4 Nf6 5. Qe2 O-O 6. e5 dxe5 7. dxe5 Nd5 8. h3 c6 9. O-O Qc7 10. Re1 a5 11. a4 Na6 12. Bd2 Nc5 13. Nc3 Nb4 14. Be3 Ne6 15. Rad1 b6 16. Qd2 Rd8 17. Qc1 Rxd1 18. Rxd1 Bd7 19. Bxb6 Qxb6 20. Rxd7 Ra7 21. Rxa7 Qxa7 22. Bxe6 fxe6 23. Qd2 h6 24. Ne4 Nd5 25. c4 Nb4 26. b3 Qc7 27. Nc5 Qc8 28. Nd4 Bxe5 29. Ndxe6 Kh7 30. h4 Qg8 31. Qe3 Bd6 32. Qe4 Qh8 33. g3 Qe5 34. Nf8+ Kg7 35. Qxg6+ 1-0


[Site "https://www.chess.com"]

[Event "Titled Tuesday Blitz November 30 2021"]
[White "Samunenkov, Ihor"]
[Black "Demchenko, Anton"]
[WhiteFideId "14187086"]
[BlackFideId "4160258"]
[WhiteElo "2348"]
[BlackElo "2583"]
[Result "0-1"]
[Round "11"]
[TimeControl "180+1"]
[Date "2021.11.30"]
[WhiteClock "0:00:13"]
[BlackClock "0:00:49"]

1. d4 d5 2. Nf3 Nf6 3. g3 Bf5 4. c4 c6 5. Nc3 e6 6. Nh4 Bg4 7. f3 Bh5 8. Qb3 Qb6 9. g4 Bg6 10. Qxb6 axb6 11. Nxg6 hxg6 12. g5 Nh5 13. cxd5 exd5 14. e4 Ng3 15. Rg1 Nxf1 16. Kxf1 dxe4 17. fxe4 Rxh2 18. Ne2 Bd6 19. e5 Be7 20. Bf4 Rh4 21. Kf2 Nd7 22. a3 Nf8 23. Rac1 Ne6 24. Be3 Rh2+ 25. Kf3 Kd7 26. Rcd1 Nc7 27. Bf4 Rh3+ 28. Ke4 Rb3 29. Nc3 Rxb2 30. d5 cxd5+ 31. Nxd5 Nxd5 32. Rxd5+ Ke6 33. Rd4 Bc5 34. Rgd1 Bxd4 35. Rxd4 Rxa3 36. Rd8 Rb4+ 0-1


[Site "https://www.chess.com"]

[Event "Titled Tuesday Blitz November 30 2021"]
[White "Shipov, Sergei"]
[Black "Leitao, Rafael"]
[WhiteFideId "4113624"]
[BlackFideId "2101246"]
[WhiteElo "2764"]
[BlackElo "2609"]
[Result "0-1"]
[Round "11"]
[TimeControl "180+1"]
[Date "2021.11.30"]
[WhiteClock "0:00:17"]
[BlackClock "0:00:20"]

1. d4 Nf6 2. c4 c6 3. Nc3 d5 4. Nf3 dxc4 5. a4 Bf5 6. Nh4 e6 7. Nxf5 exf5 8. e3 Bb4 9. Bxc4 O-O 10. O-O Nbd7 11. h3 Rc8 12. Qf3 g6 13. g4 fxg4 14. hxg4 c5 15. Bb3 Qb6 16. g5 Bxc3 17. bxc3 Qxb3 18. gxf6 Qe6 19. Ba3 b6 20. d5 Qe5 21. c4 Nxf6 22. Ra2 Ne4 23. Bb2 Qe7 24. Rd1 f5 25. a5 Nd6 26. axb6 axb6 27. Qf4 g5 28. Ra7 gxf4 29. Rxe7 Rf7 30. Rxf7 Kxf7 31. Be5 Nxc4 32. Bxf4 Rd8 33. Kf1 b5 34. Ke2 b4 35. Rc1 b3 36. Kd3 Nb6 37. Rxc5 Rxd5+ 38. Rxd5 Nxd5 39. Be5 Nf6 40. f3 Nd7 41. Bd4 h5 42. Kc4 h4 43. e4 fxe4 44. fxe4 h3 45. Bg1 b2 0-1


[Site "https://www.chess.com"]

[Event "Titled Tuesday Blitz November 30 2021"]
[White "Siva Mahadevan"]
[Black "Manafov, Vugar"]
[WhiteFideId "25043153"]
[BlackFideId "13410814"]
[WhiteElo "2203"]
[BlackElo "2277"]
[Result "0-1"]
[Round "11"]
[TimeControl "180+1"]
[Date "2021.11.30"]
[WhiteClock "0:00:34"]
[BlackClock "0:02:16"]

1. e4 Nf6 2. e5 Nd5 3. c4 Nb6 4. d4 d6 5. f4 dxe5 6. fxe5 Bf5 7. Nc3 e6 8. Nf3 Be7 9. Be3 O-O 10. Be2 f6 11. O-O Nc6 12. exf6 Bxf6 13. Qd2 Qe8 14. Rae1 Rd8 15. c5 Nd5 16. Nxd5 exd5 17. Bf4 Rd7 18. b4 a6 19. a4 Re7 20. b5 axb5 21. axb5 Nxd4 22. Nxd4 Bxd4+ 23. Qxd4 Rxe2 24. Qxd5+ Kh8 25. Rxe2 Qxe2 26. Qe5 Be4 27. Qg5 Qxb5 28. Re1 Qd3 29. Bxc7 h6 30. Qe3 Rf1+ 0-1


[Site "https://www.chess.com"]

[Event "Titled Tuesday Blitz November 30 2021"]
[White "Solon, Nathan"]
[Black "Shkapenko, Pavel"]
[WhiteFideId "2017229"]
[BlackFideId "4151933"]
[WhiteElo "2561"]
[BlackElo "2386"]
[Result "0-1"]
[Round "11"]
[TimeControl "180+1"]
[Date "2021.11.30"]
[WhiteClock "0:01:33"]
[BlackClock "0:01:07"]

1. d4 Nf6 2. c4 e6 3. g3 Bb4+ 4. Nd2 d5 5. Bg2 O-O 6. Nf3 b6 7. O-O Bb7 8. a3 Be7 9. cxd5 exd5 10. b4 c5 11. bxc5 bxc5 12. dxc5 Nbd7 13. Rb1 Nxc5 14. Bb2 Ba6 15. Nd4 Qd7 16. Qc2 Rfc8 17. Qf5 Rab8 18. Rfc1 Bf8 19. Qxd7 Ncxd7 20. Bh3 Rxb2 0-1


[Site "https://www.chess.com"]

[Event "Titled Tuesday Blitz November 30 2021"]
[White "Sviridov, Valery"]
[Black "Pichot, Alan"]
[WhiteFideId "4120680"]
[BlackFideId "110973"]
[WhiteElo "2454"]
[BlackElo "2600"]
[Result "1-0"]
[Round "11"]
[TimeControl "180+1"]
[Date "2021.11.30"]
[WhiteClock "0:00:41"]
[BlackClock "0:00:03"]

1. Nf3 Nf6 2. g3 d5 3. Bg2 e6 4. O-O Be7 5. d3 O-O 6. Nbd2 c5 7. e4 Nc6 8. e5 Nd7 9. Re1 Qc7 10. Qe2 b5 11. Nf1 Bb7 12. Bf4 Rfc8 13. h4 a5 14. h5 h6 15. N1h2 a4 16. Ng4 Qd8 17. Qd2 b4 18. Bxh6 gxh6 19. Nxh6+ Kg7 20. Qf4 Qf8 21. Ng4 Qh8 22. h6+ Kf8 23. c4 Nd8 24. Ng5 Ra6 25. Rac1 Ba8 26. cxd5 Bxg5 27. Qxg5 exd5 28. f4 Rg6 29. Qh5 Ne6 30. f5 Rg5 31. Qh4 Rxf5 32. h7 Rg5 33. Nf6 Nxf6 34. exf6 Rg6 35. Rf1 d4 36. Rce1 Bxg2 37. Kxg2 Rd8 38. Re5 Rd6 39. Qh5 Nc7 40. Re7 Ne8 41. Rxe8+ Kxe8 42. Qxc5 Kd7 43. Qa7+ Ke6 44. Qe7+ Kd5 45. Qe4+ Kc5 46. Qe5+ Kc6 47. Rc1+ Kb7 48. Qxd6 1-0


[Site "https://www.chess.com"]

[Event "Titled Tuesday Blitz November 30 2021"]
[White "Tanenbaum, Zachary"]
[Black "Noboa Silva, Kevin"]
[WhiteFideId "2060850"]
[BlackFideId "3618471"]
[WhiteElo "2168"]
[BlackElo "2161"]
[Result "0-1"]
[Round "11"]
[TimeControl "180+1"]
[Date "2021.11.30"]
[WhiteClock "0:00:02"]
[BlackClock "0:00:10"]

1. e4 e6 2. d4 d5 3. Nc3 Nf6 4. Bg5 Be7 5. e5 Nfd7 6. h4 h6 7. Bxe7 Qxe7 8. Qg4 O-O 9. O-O-O c5 10. f4 cxd4 11. Nb5 Nc6 12. Nf3 f5 13. Qg6 Nc5 14. Ng5 hxg5 15. hxg5 Nxe5 16. fxe5 Ne4 17. Nd6 Qxg5+ 18. Qxg5 Nxg5 19. Rxd4 Ne4 20. Bb5 Rd8 21. Nxe4 fxe4 22. Rhd1 a6 23. Ba4 b5 24. Bb3 Re8 25. Rxd5 exd5 26. Bxd5+ Be6 27. Bxa8 Rxa8 28. Rd6 Kf7 29. Kd2 a5 30. Ke3 Bxa2 31. b3 a4 32. Rb6 Bb1 33. bxa4 Rxa4 34. Rxb5 Bxc2 35. Kf4 Ra7 36. Rc5 Bd3 37. Rc6 Ra2 38. Rc7+ Ke6 39. Rc6+ Ke7 40. Rg6 Rf2+ 41. Ke3 Kf7 42. Rg3 Rf1 43. Kd4 g6 44. Rh3 Ke6 45. Rh6 Kf5 46. g4+ Kg5 47. Rh8 Rf7 48. e6 Re7 49. Ke5 e3 50. Kd6 Rxe6+ 51. Kxe6 e2 52. Rh1 Kxg4 53. Kf6 Kf3 54. Re1 Kf2 55. Rh1 e1=Q 56. Rh2+ Kg3 57. Rh6 Qf2+ 58. Kg7 Qd4+ 59. Kh7 Qd7+ 60. Kh8 Kg4 61. Rh1 Kg5 62. Rg1+ Kf6 63. Rxg6+ Bxg6 64. Kg8 Qg7# 0-1


[Site "https://www.chess.com"]

[Event "Titled Tuesday Blitz November 30 2021"]
[White "Thavandiran, Shiyam"]
[Black "Krivonosov, Oleg"]
[WhiteFideId "2605058"]
[BlackFideId "11600349"]
[WhiteElo "2357"]
[BlackElo "2469"]
[Result "1/2-1/2"]
[Round "11"]
[TimeControl "180+1"]
[Date "2021.11.30"]
[WhiteClock "0:00:36"]
[BlackClock "0:01:32"]

1. e4 e5 2. Nf3 Nc6 3. Nc3 Nf6 4. Bb5 Bd6 5. d3 h6 6. O-O O-O 7. a3 Re8 8. h3 a6 9. Bc4 Bc5 10. Be3 d6 11. b4 Ba7 12. Re1 Be6 13. Bxa7 Rxa7 14. Bxe6 fxe6 15. d4 exd4 16. Nxd4 e5 17. Nf5 Ne7 18. Ne3 Kh8 19. Qd3 Ra8 20. Ne2 Rf8 21. c4 a5 22. Red1 Qe8 23. c5 dxc5 24. bxc5 Qc6 1/2-1/2


[Site "https://www.chess.com"]

[Event "Titled Tuesday Blitz November 30 2021"]
[White "Vlassov, Nikolai"]
[Black "Pakleza, Zbigniew"]
[WhiteFideId "4103360"]
[BlackFideId "1119290"]
[WhiteElo "2407"]
[BlackElo "2526"]
[Result "0-1"]
[Round "11"]
[TimeControl "180+1"]
[Date "2021.11.30"]
[WhiteClock "0:00:06"]
[BlackClock "0:00:08"]

1. e4 d6 2. f4 Nf6 3. Nc3 d5 4. e5 d4 5. Nce2 Nd5 6. Nxd4 Nxf4 7. Ngf3 c5 8. Bb5+ Bd7 9. e6 fxe6 10. d3 Nxg2+ 11. Kf2 cxd4 12. Bxd7+ Qxd7 13. Kxg2 Nc6 14. Qe2 O-O-O 15. Re1 e5 16. Bg5 Qd5 17. Qe4 h6 18. Bh4 g5 19. Bg3 Bg7 20. Re2 Rhf8 21. a3 e6 22. Rae1 Rf5 23. Qxd5 Rxd5 24. Re4 Kd7 25. h4 Bf6 26. hxg5 hxg5 27. Rh1 Kc7 28. Rh7+ Rd7 29. Rh6 Kb6 30. Nh2 Nd8 31. Ng4 Bg7 32. Rg6 Kc6 33. Bxe5 Bf8 34. Bxd4 Bd6 35. Be5 Be7 36. Bf6 Bxf6 37. Nxf6 Rf7 38. Ng4 Kc7 39. Ne5 Rf2+ 40. Kg3 R7f5 41. Rg7+ Kb6 42. Rb4+ Ka6 43. Re4 Rxc2 44. Rd7 Nc6 45. Nxc6 Rxc6 46. Ra4+ Kb5 47. Rb4+ Kc5 48. Rdxb7 Kd5 49. Rd7+ Ke5 50. Re4+ Kf6 51. Rxa7 Rc1 52. Ra6 Rg1+ 53. Kh2 Rd1 54. Raxe6+ Kg7 55. Rd6 Rd2+ 56. Kg3 Rf1 57. Re7+ Kf8 58. Rb7 Ke8 59. Rg6 Rxd3+ 60. Kg2 Rf8 61. Re6+ Kd8 62. Ra6 Kc8 63. Rg7 Kb8 64. Rb6+ Ka8 65. Rbb7 g4 66. Ra7+ Kb8 67. Rgb7+ Kc8 68. Ra8+ Kxb7 69. Rxf8 g3 70. Rf3 Rd2+ 71. Kxg3 Rxb2 72. Kf4 Ka6 73. Ke4 Ka5 74. Kd4 Ka4 75. Kc4 Rb8 76. Rf4 Kxa3 77. Rf3+ Ka4 78. Rf4 Rb4+ 79. Kd5 Rxf4 0-1


[Site "https://www.chess.com"]

[Event "Titled Tuesday Blitz November 30 2021"]
[White "Wagner, Dennis"]
[Black "Roman, Rodrigo"]
[WhiteFideId "24650684"]
[BlackFideId "3701220"]
[WhiteElo "2355"]
[BlackElo "2036"]
[Result "1-0"]
[Round "11"]
[TimeControl "180+1"]
[Date "2021.11.30"]
[WhiteClock "0:00:08"]
[BlackClock "0:00:02"]

1. e4 c5 2. Nf3 e6 3. d4 cxd4 4. Nxd4 Nc6 5. Nc3 Qc7 6. Be3 a6 7. Be2 Nf6 8. O-O Bb4 9. Nxc6 bxc6 10. f4 a5 11. e5 Nd5 12. Nxd5 cxd5 13. c3 Bc5 14. Bd4 O-O 15. Kh1 d6 16. Rf3 dxe5 17. fxe5 Ba6 18. Rg3 Bxd4 19. cxd4 Bxe2 20. Qxe2 f6 21. exf6 Rxf6 22. Re3 Qb6 23. Re1 Raf8 24. h3 Qxd4 25. Rxe6 h6 26. Rxf6 Rxf6 27. Rd1 Qf2 28. Qxf2 Rxf2 29. Rxd5 a4 30. Ra5 Rxb2 31. Rxa4 Kh7 32. Ra6 h5 33. h4 Rb4 34. g3 Rb2 35. Kg1 g6 36. Kf1 Kg7 37. Ke1 Rg2 38. Ra3 Kf6 39. Kf1 Rb2 40. Rf3+ Ke5 41. Rf2 Rb1+ 42. Kg2 Ra1 43. Re2+ Kf5 44. Rf2+ Ke5 45. Kf3 Rg1 46. Rg2 Rf1+ 47. Ke2 Ra1 48. Kd3 Kd5 49. Kc3 Ke4 50. Rd2 Rc1+ 51. Kb4 Rc6 52. a4 Kf3 53. Rd3+ Kg4 54. a5 Rc1 55. Ra3 Rb1+ 56. Kc5 Rb8 57. a6 Ra8 58. Kb6 Rb8+ 59. Kc7 Rb3 60. Rxb3 1-0